 Dungeon Crawl Stone Soup version 0.30-a0-1160-g6e42c06551 (webtiles) character file.

Game seed: 11174943903174441013

868 iamoutofideas the Cleaver (level 8, -5/88 HPs)
             Began as a Hill Orc Reaver on Apr 27, 2023.
             Killed by an exploding orc wizard (7 damage)
             ... ignited by their inner flame
             ... on level 5 of the Dungeon.
             The game lasted 00:07:17 (3787 turns).

iamoutofideas the Cleaver (Hill Orc Reaver)         Turns: 3787, Time: 00:07:17

Health: -5/88      AC: 24    Str: 16    XL:     8   Next: 3%
Magic:  10/10      EV:  2    Int: 12    God:
Gold:   104        SH:  0    Dex: 19    Spells: 5/10 levels left

rFire   + . .        a - +1 hand axe
rCold   + . .        (no shield)
rNeg    . . .        q - melded +0 troll leather armour
rPois   +            (helmet currently unavailable)
rElec   +            c - melded +0 cloak
rCorr   +            t - melded +0 pair of gloves
SInv    .            (boots currently unavailable)
Will    .....        (no amulet)
Stlth   ++           b - +6 ring of dexterity
HPRegen 0.34/turn    (no ring)
MPRegen 0.12/turn

%: no passive effects
@: tree-form, resistant
A: stationary, stasis, torment immunity, boosted hp, agile 1, frail 1, (heat
vulnerability 1)
a: no special abilities


You were on level 5 of the Dungeon.
You were a tree.
You visited 1 branch of the dungeon, and saw 5 of its levels.

You collected 174 gold pieces.
You spent 70 gold pieces at shops.

Inventory:

Hand Weapons
 a - a +1 hand axe (weapon)
 n - a +0 war axe
 v - a +0 whip of distortion
Armour
 c - a +0 cloak (melded)
 e - a +0 ring mail
 q - a +0 troll leather armour (melded)
 t - a +0 pair of gloves (melded)
Jewellery
 b - a +6 ring of dexterity (left branch)
Scrolls
 h - a scroll of vulnerability
 o - 2 scrolls of teleportation
 p - 2 scrolls of fog
Potions
 g - 3 potions of attraction
 i - a potion of cancellation


   Skills:
 + Level 4.2 Fighting
 * Level 10.2 Axes
 + Level 3.1 Armour
 + Level 2.3 Dodging
 + Level 1.0 Stealth
 + Level 1.5 Spellcasting
 + Level 3.1 Conjurations


You had 5 spell levels left.
You knew the following spells:

 Your Spells              Type           Power      Damage    Failure   Level
a - Kiss of Death         Conj/Necr      16%        2d6       16%         1
b - Momentum Strike       Conj/Tloc      8%         3d8       22%         2
c - Sting                 Tmut/Pois      0%         1d3       28%         1
d - Slow                  Hex            0%         N/A       28%         1

Your spell library contained the following spells:

 Spells                   Type           Power      Damage    Failure   Level
 Summon Small Mammal      Summ           0%         N/A       28%         1
 Sublimation of Blood     Necr           0%         N/A       41%         2
 Wereblood                Tmut           0%         N/A       41%         2
 Hailstorm                Conj/Ice       4%         3d4       41%         3
 Call Canine Familiar     Summ           0%         N/A       65%         3
 Confusing Touch          Hex            0%         N/A       65%         3
 Portal Projectile        Hex/Tloc       0%         N/A       65%         3
 Summon Guardian Golem    Hex/Summ       0%         N/A       65%         3
 Vampiric Draining        Necr           0%         2d6       65%         3
 Leda's Liquefaction      Hex/Erth       0%         N/A       96%         4
 Summon Hydra             Summ           0%         N/A       100%        7


Dungeon Overview and Level Annotations

Branches:
Dungeon (5/15)
 Temple: D:4-7

Altars:
Dithmenos

Shops:
D:1 (   D:2 ?


Innate Abilities, Weirdness & Mutations

You are a tree.
Your roots penetrate the ground, keeping you stationary.
You cannot be teleported.
You are immune to unholy pain and torment.
Your maximum health is greatly increased.
Your equipment is partially melded.
You are agile. (Dex +4, Str/Int -1)
You are frail. (-10% HP)
((You are vulnerable to heat. (rF-)))


Message History

You hear an angry growl.
You hear a shout!
The scorpion barely misses you.
The orc priest hits you but does no damage.
The orc wizard hits you but does no damage.
Something hits you but does no damage.
Unknown command.
As you read the scroll labelled RETOR ADUQAL, it crumbles to dust.
Wisps of shadow whirl around you...
It was a scroll of summoning.
The scorpion stings you but does no damage.
The orc priest hits you but does no damage.
The orc wizard hits you but does no damage.
Something hits you but does no damage.
Unknown command.
The scorpion stings you but does no damage.
The orc priest hits you but does no damage.
The orc wizard hits you but does no damage.
You hear some strange, mumbled words.
A magic dart appears from out of thin air!
The magic dart hits you but does no damage.
Your shadow imp hits the orc priest but does no damage.
Your ogre hits the orc priest with a +0 giant club!!
The orc priest explodes!
The fiery explosion engulfs your shadow imp!!
You kill your shadow imp!
Your shadow imp dissolves into shadows!
The fiery explosion engulfs you! You resist.
* * * LOW HITPOINT WARNING * * *
The fiery explosion engulfs your ogre!!!
You kill your ogre!
Your ogre's corpse dissolves into shadows!
The fiery explosion engulfs something!!
Reactivating autopickup.
You feel a bit more experienced. The fiery explosion engulfs your orc!
You kill your orc!
Your orc's corpse dissolves into shadows!
The fiery explosion engulfs the orc wizard!!
The orc wizard explodes!
The fiery explosion engulfs the scorpion!!
The fiery explosion engulfs you! You resist.
You die...

#................
#.................
...................
...................
..........o.............
.........o..o............
..........................
........§§§)..............
........§§♣§..............
.........§§§.o............
..........§...............
..........................
...................^......
.........................
........................
.......................
......................


You could see 4 friendly orcs.

Vanquished Creatures
  An orc warrior (D:4)
  An ogre (D:4)
  A black bear (D:3)
  3 scorpions
  A hound (D:4)
  4 orc priests
  An iguana (D:5)
  8 orc wizards
  3 adders
  3 gnolls
  A white imp (D:5)
  A worm (D:3)
  2 dart slugs
  25 orcs
  5 endoplasms
  2 giant cockroaches (D:1)
  4 goblins
  4 hobgoblins
  5 jackals
  9 kobolds
  3 quokkas (D:1)
  10 ball pythons
  3 bats
  5 frilled lizards
  3 rats
108 creatures vanquished.

Vanquished Creatures (collateral kills)
  An orc priest (D:5)
1 creature vanquished.

Vanquished Creatures (others)
  An orc wizard (D:4)
  A fungus (D:1)
  A plant (D:1)
3 creatures vanquished.

Grand Total: 112 creatures vanquished

Notes
Turn   | Place    | Note
-------+----------+-------------------------------------------
     0 | D:1      | iamoutofideas the Hill Orc Reaver began the quest for the
                  | Orb.
     0 | D:1      | Reached XP level 1. HP: 18/18 MP: 3/3
   142 | D:1      | Found Kiykelur's Weapon Shoppe.
   173 | D:1      | Reached XP level 2. HP: 18/25 MP: 4/4
   277 | D:1      | Reached skill level 5 in Axes
   559 | D:1      | Reached XP level 3. HP: 30/30 MP: 5/5
   602 | D:1      | Found a faded altar of an unknown god.
   610 | D:1      | Got Plato's Atlas of Poisoning
   903 | D:2      | Identified the +1 leather armour of Otrakad {Rampage rC-
                  | Dex+5 SInv}
  1015 | D:2      | Found Wiecuaz's Magic Scroll Emporium.
  1021 | D:2      | Bought a scroll of identify for 28 gold pieces
  1021 | D:2      | Bought a scroll of teleportation for 42 gold pieces
  1503 | D:3      | Noticed a black bear
  1510 | D:3      | Killed a black bear
  1511 | D:3      | Reached skill level 7 in Axes
  1511 | D:3      | Reached XP level 4. HP: 15/37 MP: 1/6
  1511 | D:3      | Reached XP level 5. HP: 17/42 MP: 1/7
  1571 | D:3      | Learned a level 2 spell: Momentum Strike
  1576 | D:3      | Learned a level 1 spell: Sting
  1816 | D:2      | Reached skill level 1 in Armour
  2135 | D:4      | Found a shadowy altar of Dithmenos.
  2313 | D:4      | Reached XP level 6. HP: 38/46 MP: 6/8
  2355 | D:4      | Reached skill level 8 in Axes
  2532 | D:4      | Learned a level 1 spell: Slow
  2738 | D:4      | Reached XP level 7. HP: 39/57 MP: 9/9
  2766 | D:4      | Reached skill level 9 in Axes
  3157 | D:5      | Entered Level 5 of the Dungeon
  3680 | D:5      | Reached skill level 10 in Axes
  3717 | D:5      | Reached skill level 1 in Stealth
  3765 | D:5      | Gained mutation: You are vulnerable to heat. (rF-) [potion
                  | of mutation]
  3765 | D:5      | Gained mutation: You are frail. (-10% HP) [potion of
                  | mutation]
  3765 | D:5      | Gained mutation: You are agile. (Dex +4, Str/Int -1)
                  | [potion of mutation]
  3774 | D:5      | Reached XP level 8. HP: 31/59 MP: 10/10
  3787 | D:5      | HP: 2/88 [spore (10)]
  3787 | D:5      | Killed by an exploding orc wizard... ignited by their inner
                  | flame

Illustrated notes

Levels and vault maps discovered:
D:1:      psy_arrival_statuary, layout_loops_ring,
          shapermc_ecumenical_altar_rom_forum, serial_shops,
          nicolae_shop_crystal, kennysheep_another_room, serial_bayou_pond_a,
          minmay_3d_cube
D:2:      layout_loops_ring, serial_shops, nicolae_shop_rolling_square
D:3:      layout_rooms, feat_on_display
D:4:      layout_loops_corners, grunt_dithmenos_smoke, serial_bayou_lagoon_b
D:5:      layout_layer_cave, guppyfry_early_orc_mine

Skill      XL: |  1  2  3  4  5  6  7  8 |
---------------+-------------------------+-----
Axes           | 5 7 8 10 | 10.2
Armour         | 1 2 3 |  3.1
Fighting       | 3 4 |  4.2
Dodging        | 2 |  2.3
Stealth        | 1 |  1.0
Spellcasting   | |  1.5
Conjurations   | |  3.1

Action                     |  1- 3 |  4- 6 |  7- 9 || total
---------------------------+-------+-------+-------++-------
  Melee: Hand axe          |   118 |   164 |   149 ||   431
         Punch             |       |     1 |     3 ||     4
   Cast: Kiss of Death     |     3 |     2 |     1 ||     6
    Use: Scroll            |     1 |     4 |     7 ||    12
         Potion            |       |       |     7 ||     7
 Armour: Ring mail         |    63 |       |       ||    63
         Leather armour    |     1 |       |       ||     1
         Troll leather arm |    10 |    39 |    79 ||   128
         Skin              |       |       |    47 ||    47
  Dodge: Dodged            |    86 |   108 |    80 ||   274

Table legend: (Time is in decaauts)
 A = Elapsed time spent in this place.
 B = Non-inter-level travel time spent in this place.
 C = Inter-level travel time spent in this place.
 D = Time resting spent in this place.
 E = Time spent auto-exploring this place.
 F = Levels seen in this place.
 G = Mean time per level.
                   A        B        C        D        E       F      G
               +--------+--------+--------+--------+--------+-----+--------+
         Total |   3776 |   3693 |     83 |    432 |   2333 |   5 |  755.2 |
       Dungeon |   3776 |   3693 |     83 |    432 |   2333 |   5 |  755.2 |
               +--------+--------+--------+--------+--------+-----+--------+

Top non-repeatable levels by time:
     D:4: 1204 daAuts
     D:1: 832 daAuts
     D:2: 729 daAuts
     D:3: 577 daAuts
     D:5: 432 daAuts
